 Dungeon Crawl Stone Soup version 0.30-a0-800-g7c544603b3 (webtiles) character file.

Game seed: 8523555154998236395

14088 sasquatch the Jinx (level 11, -13/63 HPs)
             Began as a Vampire Enchanter on Feb 22, 2023.
             Was a Follower of Ashenzari.
             Mangled by a minotaur (27 damage)
             ... on level 1 of the Lair of Beasts.
             The game lasted 00:51:52 (12404 turns).

sasquatch the Jinx (Vampire Enchanter)             Turns: 12404, Time: 00:51:53

Health: -13/63     AC:  6    Str:  7    XL:     11   Next: 84%
Magic:  15/17      EV: 16    Int: 19    God:    Ashenzari [*.....]
Gold:   583        SH:  0    Dex: 18    Spells: 3/18 levels left

rFire   . . .      SeeInvis +    x - +3 rapier "Stellar Failure" {venom, Cun, Comp} (curse)
rCold   + + .      Faith    .    (no shield)
rNeg    + + +      Spirit   .    F - +2 robe {Will+}
rPois   ∞          Reflect  .    G - +1 hat
rElec   .          Harm     .    (no cloak)
rCorr   .          Rampage  .    v - +0 pair of gloves "Bound Omen" {Stlth+, Melee, Evo} (curse)
Will    +++..                    (no boots)
Stlth   +++++++++                (no amulet)
HPRegen 0.00/turn                D - ring of willpower
MPRegen 0.15/turn                (no ring)

@: confusing by touch, bloodless, inhibited regen, invisible
A: bloodless, fangs 3, see invisible, vampiric 2
a: Bat Form, Revivify, Renounce Religion, Curse Item, Shatter the Chains


You were on level 1 of the Lair of Beasts.
You worshipped Ashenzari.
Ashenzari was aware of your devotion.
You visited 2 branches of the dungeon, and saw 11 of its levels.
You also visited: Sewer and Bailey.

You collected 1043 gold pieces.
You spent 460 gold pieces at shops.

Inventory:

Hand Weapons
 x - the cursed +3 rapier "Stellar Failure" (weapon) {venom, Cun, Comp}
   (You acquired it in a sewer)

   It has a curse which improves the following skills: Cunning: Dodging and
   Stealth.
   Companions: Summonings and Necromancy.
Missiles
 o - a throwing net
 q - 33 poisoned darts
 u - 6 datura-tipped darts
Armour
 v - the cursed +0 pair of gloves "Bound Omen" (worn) {Stlth+, Melee, Evo}
   (You bought it in a shop on level 1 of the Dungeon)

   It has a curse which improves the following skills: Melee Combat: Short
   Blades, Long Blades, Axes, Maces & Flails, Polearms, Staves and Unarmed
   Combat.
   Evocations: Evocations.
 F - a +2 robe of willpower (worn)
 G - a +1 hat (worn)
 I - a +0 pair of gloves
Jewellery
 h - a ring of fire
 l - a ring of fire
 D - a ring of willpower (left hand)
 H - a ring of ice
Wands
 a - a wand of mindburst (6)
 k - a wand of paralysis (7)
 t - a wand of flame (11)
 E - a wand of acid (6)
Scrolls
 d - 2 scrolls of vulnerability
 e - 6 scrolls of teleportation
 f - 3 scrolls of immolation
 i - a scroll of enchant armour
 p - 2 scrolls of torment
 s - 2 scrolls of blinking
 y - 3 scrolls of poison
 A - 3 scrolls of amnesia
 C - 2 scrolls of fog
Potions
 b - 2 potions of haste
 c - a potion of invisibility
 g - 2 potions of resistance
 j - 2 potions of lignification
 m - a potion of flight
 n - 6 potions of brilliance
 r - 6 potions of curing
 w - a potion of magic
 z - 3 potions of berserk rage
 B - a potion of might


   Skills:
 + Level 5.1 Fighting
 - Level 12.8(13.6) Short Blades
 - Level 6.0(6.8) Dodging
 - Level 13.2(14.0) Stealth
 - Level 4.0 Spellcasting
 - Level 2.9 Conjurations
 + Level 13.4 Hexes


You had 3 spell levels left.
You knew the following spells:

 Your Spells              Type           Power      Damage    Failure   Level
a - Confusing Touch       Hex            53%        N/A       1%          3
b - Tukima's Dance        Hex            53%        N/A       1%          3
c - Ensorcelled Hibernat  Hex/Ice        58%        N/A       1%          2
d - Dazzling Flash        Conj/Hex       68%        N/A       1%          3
e - Cause Fear            Hex            26%        N/A       1%          4

Your spell library contained the following spells:

 Spells                   Type           Power      Damage    Failure   Level
 Magic Dart               Conj           56%        1d5       4%          1
 Searing Ray              Conj           28%        2d5       6%          2
 Kiss of Death            Conj/Necr      36%        2d8       8%          1
 Vampiric Draining        Necr           4%         2d6       36%         3
 Ignite Poison            Fire/Tmut/Pois 3%         N/A       38%         3
 Vhi's Electric Charge    Tloc/Air       6%         N/A       38%         3
 Fulminant Prism          Conj/Hex       17%        3d10      4%          4
 Sticky Flame             Conj/Fire      9%         2d3       58%         4
 Animate Dead             Necr           4%         N/A       78%         4
 Dispel Undead            Necr           4%         3d7       78%         4
 Arcjolt                  Conj/Air       4%         1d14      91%         5
 Agony                    Necr           4%         N/A       98%         5
 Borgnjor's Vile Clutch   Necr/Erth      1%         N/A       98%         5
 Death Channel            Necr           2%         N/A       100%        6
 Ignition                 Fire           1%         3d3       100%        8
 Maxwell's Capacitive Co  Air            1%         ∞         100%        8
 Necromutation            Tmut/Necr      Unusable   N/A       N/A         8

Dungeon Overview and Level Annotations

Branches:
Dungeon (10/15)            Temple (0/1) D:7            Lair (1/5) D:10
  Sewer (visited)          Bailey (visited)
    Orc: D:9-12

Altars:
Ashenzari
Gozag
Kikubaaqudgha
Makhleb
Okawaru
Qazlal
Ru
Sif Muna
Xom
Yredelemnul

Shops:
D:1 [   D:2 [   D:8 !

Portals:
Trove: D:10 (give +6 demon trident)


Innate Abilities, Weirdness & Mutations

You do not regenerate when monsters are visible.
You are frail without blood (-20% HP).
You can heal yourself when you bite living creatures.
You are immune to poison.
You have razor-sharp teeth.
You have supernaturally acute eyesight. (SInv)
You are afflicted with vampirism and can become a bat while bloodless.


Message History

Confirm with . or Enter, or press ? or * to list all spells.
Aiming: Ensorcelled Hibernation (safe; 1% risk of failure)
Press: ? - help, Shift-Dir - straight line, f - minotaur
Aim: a minotaur, wearing a +0 chain mail and quivering javelins (wandering, hasn't noticed you, chance to affect: 4%)
Okay, then.
Unknown command.
Casting: Ensorcelled Hibernation (safe; 1% risk of failure)
Confirm with . or Enter, or press ? or * to list all spells.
Okay, then.
Unknown command.
Casting: Confusing Touch (safe; 1% risk of failure)
Press: ? - help, Q - select action, (/) - cycle Dir - look around, f - activate Your hands begin to glow red.
The minotaur bellows!
You fade into invisibility!
The minotaur closely misses you. x2
You catch the helpless minotaur completely off-guard!
You hit the minotaur but do no damage. The minotaur hits you!!
The minotaur closely misses you.
You hit the minotaur but do no damage.
You strike the helpless minotaur from behind!
You hit the minotaur but do no damage. You hit the minotaur but do no damage.
You bite the minotaur, but do no damage.
You hit the minotaur but do no damage.
You strike the helpless minotaur from behind!
You hit the minotaur but do no damage.
You bite the minotaur, but do no damage.
You hit the minotaur but do no damage. The minotaur hits you!!
* * * LOW HITPOINT WARNING * * *
The minotaur gores you but does no damage.
You hit the minotaur but do no damage.
You bite the minotaur, but do no damage.
You hit the minotaur but do no damage. The minotaur hits you.
* * * LOW HITPOINT WARNING * * *
The minotaur misses you.
You catch the helpless minotaur completely off-guard!
You hit the minotaur but do no damage. You hit the minotaur but do no damage.
The minotaur hits you!!
You die...

#..............###...
#.#.......#....# ##..
###'#################..
#................#.##..
#.##############.#.###.
#.#............#.#.# ##
#.#.##########.#.#.####
#.#.#.H..........#..##P
#.#.#.@####⌠.###.#.....
#.#.#.##..##.#.#.#.#..#
#.#.#...88.#.#.#.#.....
#.#.#.#.>8.#.#.#.#....≈
#.#.#.##..##.#.#.#....§
#.#.#.⌠####⌠.#.#.#....≈
#.#.#........#.#.#.....
#.#.##########.# ######
#.#............#


You could see a minotaur (unable to see you).

Vanquished Creatures
  Gastronok (D:10)
  Harold (D:9)
  3 two-headed ogres
  Pikel (D:4)
  An orc knight (Bailey)
  A cyclops (D:10)
  An elephant (D:10)
  A cane toad (Lair:1)
  A gargoyle (D:8)
  A rime drake (Lair:1)
  A komodo dragon (Lair:1)
  A troll (D:10)
  Grinder (D:5)
  11 yaks
  A wraith (D:10)
  Eustachio (D:5)
  A basilisk (Lair:1)
  2 wyverns
  A steam dragon (D:8)
  Menkaure (D:5)
  An acid dragon (D:9)
  3 water moccasins
  3 orc warriors (Bailey)
  3 black bears
  3 ogres
  11 wolves (Lair:1)
  3 centaurs (D:9)
  A lemure (D:4)
  A phantom (D:6)
  7 kobold brigands (Bailey)
  Blork the orc (D:5)
  A bullfrog (D:9)
  2 gnoll sergeants (D:9)
  4 scorpions
  2 necrophages (D:5)
  8 wights
  5 killer bees
  4 howler monkeys
  An electric eel (D:6)
  A crimson imp (D:10)
  4 hounds
  An orc priest (D:10)
  A gnoll bouda (D:4)
  Jessica (D:2)
  A scorpion zombie (D:4)
  2 iguanas (D:5)
  4 orc wizards
  15 gnolls
  10 adders
  2 river rats (Sewer)
  2 shadow imps
  3 white imps
  3 adder zombies (D:4)
  5 worms
  2 dart slugs
  11 orcs
  5 ball pythons
  2 bat zombies (D:3)
  7 endoplasms
  5 giant cockroaches
  6 goblins
  6 hobgoblins
  2 jackals (D:4)
  3 quokkas
  9 bats
  10 frilled lizards
  14 kobolds
  A quokka zombie (D:4)
  10 rats
  A rat zombie (D:3)
246 creatures vanquished.

Vanquished Creatures (others)
  3 orcs (D:8)
  2 fungi (Lair:1)
  8 plants
13 creatures vanquished.

Grand Total: 259 creatures vanquished

Notes
Turn   | Place    | Note
-------+----------+-------------------------------------------
     0 | D:1      | sasquatch the Vampire Enchanter began the quest for the
                  | Orb.
     0 | D:1      | Reached XP level 1. HP: 13/13 MP: 3/3
    43 | D:1      | Found Jocha's Armour Emporium.
    91 | D:1      | Reached XP level 2. HP: 13/19 MP: 5/5
   489 | D:1      | Reached skill level 5 in Hexes
   609 | D:1      | Gained mutation: You are afflicted with vampirism and can
                  | become a bat while bloodless. [Vampire growth]
   609 | D:1      | Reached XP level 3. HP: 20/24 MP: 6/6
  1540 | D:2      | Found Lukaeme's Armour Emporium.
  1613 | D:2      | Learned a level 3 spell: Confusing Touch
  1617 | D:2      | Learned a level 3 spell: Tukima's Dance
  1637 | D:2      | Noticed Jessica
  1644 | D:2      | Killed Jessica
  1645 | D:2      | Reached XP level 4. HP: 30/30 MP: 3/7
  1920 | D:3      | Found a broken altar of Ashenzari.
  1924 | D:3      | Became a worshipper of Ashenzari the Shackled
  2463 | D:3      | Identified the +1 mace "Qoox" {flame, rCorr Str-5 Dex+8}
  2467 | D:3      | Found an ancient bone altar of Kikubaaqudgha.
  2700 | D:4      | Reached XP level 5. HP: 15/35 MP: 2/8
  2759 | D:4      | Noticed an ogre
  2764 | D:4      | Killed an ogre
  2765 | D:4      | Reached skill level 5 in Short Blades
  2808 | D:4      | Learned a level 2 spell: Ensorcelled Hibernation
  2856 | D:4      | Reached XP level 6. HP: 39/41 MP: 9/9
  2883 | D:4      | Found a basalt altar of Yredelemnul.
  3197 | D:4      | Noticed Pikel
  3231 | D:4      | Killed Pikel
  3232 | D:4      | Reached XP level 7. HP: 23/46 MP: 4/10
  3501 | D:1      | Bought a +0 pair of gloves of stealth for 161 gold pieces
  3785 | D:5      | Entered Level 5 of the Dungeon
  3819 | D:5      | Noticed Eustachio
  3829 | D:5      | Killed Eustachio
  3874 | D:5      | Reached XP level 8. HP: 47/52 MP: 7/11
  3946 | D:5      | Noticed Blork the orc
  3963 | D:5      | Killed Blork the orc
  4052 | D:5      | Found a sacrificial altar of Ru.
  4425 | D:5      | Noticed Grinder
  4433 | D:5      | Killed Grinder
  4572 | D:5      | Reached * piety under Ashenzari
  4577 | D:5      | Learned a level 3 spell: Dazzling Flash
  4610 | D:5      | Noticed Menkaure
  4621 | D:5      | Killed Menkaure
  4626 | D:5      | Reached XP level 9. HP: 57/57 MP: 6/12
  4793 | D:6      | Found a glowing drain.
  4812 | Sewer    | Entered a sewer
  4965 | Sewer    | Identified a scroll of acquirement
  4976 | Sewer    | Acquired a +2 rapier of venom
  5175 | D:6      | Reached skill level 10 in Short Blades
  5361 | D:6      | Identified Uxadagak's Quarto of the Doomed Maleficium
  5419 | D:6      | Reached skill level 10 in Stealth
  5842 | D:6      | Reached skill level 5 in Dodging
  6316 | D:7      | Found an opulent altar of Gozag.
  6410 | D:7      | Found a staircase to the Ecumenical Temple.
  6851 | D:8      | Noticed a two-headed ogre
  6987 | D:8      | Noticed a two-headed ogre
  6989 | D:8      | Killed a two-headed ogre
  7047 | D:8      | Noticed a gargoyle
  7192 | D:8      | Killed a gargoyle
  7193 | D:8      | Reached XP level 10. HP: 50/63 MP: 9/13
  7368 | D:8      | Reached ** piety under Ashenzari
  7412 | D:8      | Killed a two-headed ogre
  7413 | D:8      | Reached skill level 1 in Conjurations
  7709 | D:8      | Found Edghush's Distillery.
  7722 | D:8      | Bought a potion of haste for 130 gold pieces
  7722 | D:8      | Bought a potion of might for 52 gold pieces
  7722 | D:8      | Bought a potion of heal wounds for 65 gold pieces
  7722 | D:8      | Bought a potion of brilliance for 52 gold pieces
  8000 | D:9      | Found a large runed translucent door.
  8001 | D:9      | Found a large runed translucent door.
  8188 | D:9      | Noticed a two-headed ogre
  8191 | D:9      | Killed a two-headed ogre
  8398 | D:9      | Noticed Harold
  8501 | D:9      | Found a stormy altar of Qazlal.
  8734 | D:9      | HP: 1/63 [Harold/+0 long sword (19)]
  8735 | D:9      | Killed Harold
  8984 | D:9      | Found an iron altar of Okawaru.
  8996 | D:9      | Found a shimmering blue altar of Sif Muna.
  9003 | D:9      | Reached skill level 10 in Hexes
  9051 | D:10     | Entered Level 10 of the Dungeon
  9067 | D:10     | Noticed a cyclops
  9077 | D:10     | Killed a cyclops
  9080 | D:10     | Found a portal to a secret trove of treasure.
  9106 | D:10     | Noticed an elephant
  9107 | D:10     | Found a staircase to the Lair.
  9133 | D:10     | Killed an elephant
  9134 | D:10     | Reached XP level 11. HP: 54/54 MP: 12/17
  9247 | D:10     | Found a flagged portal.
  9262 | Bailey   | Entered a bailey
  9467 | Bailey   | Noticed an orc knight
  9505 | Bailey   | Killed an orc knight
  9506 | Bailey   | Reached skill level 1 in Fighting
  9756 | Bailey   | Found an iron altar of Okawaru.
  9856 | D:10     | Noticed Gastronok
  9866 | D:10     | Killed Gastronok
  9885 | D:10     | Identified the +3 trident of Gollioc {heavy, Int+3 Dex+3}
 10408 | D:10     | Found a shimmering altar of Xom.
 10408 | D:10     | Found a burning altar of Makhleb.
 10593 | Lair:1   | Entered Level 1 of the Lair of Beasts
 10593 | Lair:1   | Identified the +2 chain mail of Minor Irritation {Str+3}
 10840 | Lair:1   | Learned a level 4 spell: Cause Fear
 11315 | Lair:1   | Found a runed translucent door.
 11344 | Lair:1   | Identified the +0 leather armour of Isukh {Fly}
 11566 | Lair:1   | Reached skill level 5 in Fighting
 12128 | Lair:1   | Noticed a minotaur
 12404 | Lair:1   | Mangled by a minotaur

Illustrated notes

Levels and vault maps discovered:
D:1:      eino_arrival_water_cross, layout_basic, serial_shops, shop_fountains
D:2:      layout_rooms, serial_shops, nicolae_shop_advertising_works
          [nicolae_subvault_shop_adworks], uniq_jessica
D:3:      layout_loops_ring, lemuel_zombie_altar_kikubaaqudgha,
          mainiacjoe_overflow_24_doors, kennysheep_cluttered_room
D:4:      layout_loops_ring, nicolae_yredelemnul_corpse_copse,
          grunt_ministairs_6, uniq_pikel
D:5:      layout_rooms, nicolae_ru_the_path_less_chosen, uniq_eustachio,
          uniq_grinder, uniq_blork_the_orc, uniq_menkaure
D:6:      layout_basic, cheibrodos_sewer_entry_sluice, serial_bayou_pond_b
D:7:      layout_loops_cross, grunt_gozag_breadcrumbs,
          minmay_temple_entry_crystal_x
D:8:      layout_loops_ring, serial_shops, nicolae_shop_hallway_plus
D:9:      minmay_angry_zag, layout_irregular_city,
          nicolae_overflow_hidden_temple, jmf_multi_god_temple2, uniq_harold
D:10:     layout_long_grid, good_gods_mini_temple,
          grunt_temple_overflow_champion_of_chaos, david_lair_generic,
          enter_bailey_7, enter_trove_0, uniq_gastronok
Lair:1:   dreamdust_labyrinth, layout_gridlike, infiniplex_staircase_pool_2

Skill      XL: |  1  2  3  4  5  6  7  8  9 10 11 |
---------------+----------------------------------+-----
Short Blades   | 2 3 4 5 7 8 9 12 | 12.8
Hexes          | 5 6 10 13 | 13.4
Stealth        | 6 7 9 10 11 13 | 13.2
Dodging        | 4 6 |  6.0
Conjurations   | 2 |  2.9
Spellcasting   | 4 |  4.0
Fighting       | 5 |  5.1

Action                     |  1- 3 |  4- 6 |  7- 9 | 10-12 || total
---------------------------+-------+-------+-------+-------++-------
  Melee: Dagger            |   145 |   116 |   121 |       ||   382
         Bite              |    11 |    10 |    22 |    57 ||   100
         Punch             |     1 |     1 |     4 |     4 ||    10
         Rapier            |       |       |   113 |   372 ||   485
   Fire: Sling             |    19 |       |       |       ||    19
   Cast: Confusing Touch   |     1 |     8 |    41 |    70 ||   120
         Ensorcelled Hiber |       |       |     1 |       ||     1
         Dazzling Flash    |       |       |       |    13 ||    13
 Invoke: Curse Item        |       |       |     2 |     1 ||     3
         Shatter the Chain |       |       |       |     1 ||     1
Ability: Exsanguinate      |       |       |       |     1 ||     1
    Use: Scroll            |     1 |       |    11 |     3 ||    15
         Potion            |       |       |     1 |     5 ||     6
   Stab: Sleeping          |    12 |    14 |    26 |    24 ||    76
         Confused          |     1 |     5 |    20 |    43 ||    69
         Distracted        |     1 |       |       |       ||     1
         Invisible         |       |       |       |    14 ||    14
 Armour: Robe              |    40 |    12 |    32 |    30 ||   114
  Dodge: Dodged            |    84 |    44 |   109 |   203 ||   440

Table legend: (Time is in decaauts)
 A = Elapsed time spent in this place.
 B = Non-inter-level travel time spent in this place.
 C = Inter-level travel time spent in this place.
 D = Time resting spent in this place.
 E = Time spent auto-exploring this place.
 F = Levels seen in this place.
 G = Mean time per level.
                   A        B        C        D        E       F      G
               +--------+--------+--------+--------+--------+-----+--------+
         Total |  12122 |  11618 |    504 |   1616 |   7644 |  13 |  932.5 |
       Dungeon |   9508 |   9004 |    504 |    881 |   6311 |  10 |  950.8 |
          Lair |   1741 |   1741 |      0 |    437 |   1083 |   1 | 1741.0 |
         Sewer |    367 |    367 |      0 |     53 |    176 |   1 |  367.0 |
        Bailey |    505 |    505 |      0 |    245 |     73 |   1 |  505.0 |
               +--------+--------+--------+--------+--------+-----+--------+

Top non-repeatable levels by time:
  Lair:1: 1741 daAuts
     D:9: 1172 daAuts
     D:4: 1122 daAuts
     D:1: 1094 daAuts
    D:10: 981 daAuts
     D:7: 944 daAuts
     D:6: 902 daAuts
     D:5: 839 daAuts
     D:2: 824 daAuts
     D:3: 823 daAuts
     D:8: 803 daAuts
  Bailey: 505 daAuts
   Sewer: 367 daAuts
